 Dungeon Crawl Stone Soup version 0.29.1-15-g9cfb28693d (webtiles) character file.

Game seed: 14110321288906683450

604 Tirrikindir the Trooper (level 7, -4/49 HPs)
             Began as an Octopode Fighter on Apr 15, 2023.
             Was a Priest of Vehumet.
             Engulfed by a cloud of flame (21 damage)
             ... on level 4 of the Dungeon.
             The game lasted 00:12:13 (2406 turns).

Tirrikindir the Trooper (Octopode Fighter)          Turns: 2406, Time: 00:12:13

Health: -4/49      AC:  1    Str: 15    XL:     7   Next: 42%
Magic:  8/10       EV: 13    Int: 13    God:    Vehumet [***...]
Gold:   264        SH:  4    Dex: 11    Spells: 3/11 levels left

rFire   . . .      SeeInvis .   a - +0 long sword
rCold   . . .      Faith    .   b - +0 buckler
rNeg    . . .      Spirit   .   (helmet restricted)
rPois   .          Reflect  .   f - amulet of regeneration
rElec   .          Harm     .   i - ring of flight
rCorr   .          Rampage  .   (no ring)
Will    .....                   (no ring)
Stlth   +++.......              (no ring)
HPRegen 0.96/turn               (no ring)
MPRegen 0.12/turn               (no ring)
                                (no ring)
                                (no ring)

@: flying, studying Stealth
A: almost no armour, amphibious, 8 rings, camouflage 1, gelatinous body 1,
(nimble swimmer 1), tentacles
a: Renounce Religion


You were on level 4 of the Dungeon.
You worshipped Vehumet.
Vehumet was most pleased with you.
You visited 1 branch of the dungeon, and saw 4 of its levels.
You also visited: Sewer.

You collected 264 gold pieces.

Inventory:

Hand Weapons
 a - a +0 long sword (weapon)
Missiles
 h - 38 stones
Armour
 b - a +0 buckler (worn)
Jewellery
 f - an amulet of regeneration (around mantle)
 i - a ring of flight (left tentacle)
Wands
 l - a wand of light (3)
 p - a wand of digging (5)
Scrolls
 j - a scroll of blinking
 k - a scroll of magic mapping
 m - a scroll of vulnerability {unknown}
 o - a scroll of noise {unknown}
Potions
 d - a potion of magic
 e - 2 potions of berserk rage
 g - a potion of heal wounds
 n - a potion of curing {unknown}


   Skills:
 * Level 4.5 Fighting
 - Level 2.2 Long Blades
 - Level 4.0 Dodging
 + Level 3.9 Stealth
 - Level 4.0 Shields
 * Level 2.5 Spellcasting
 + Level 1.0 Conjurations
 + Level 1.9 Ice Magic
 + Level 1.1 Air Magic
 + Level 2.1 Earth Magic
 + Level 1.4 Poison Magic


You had 3 spell levels left.
You knew the following spells:

 Your Spells              Type           Power      Damage    Failure   Level
a - Sandblast             Erth           14%        2d6       3%          1
b - Freeze                Ice            24%        1d5       4%          1
c - Mephitic Cloud        Conj/Pois/Air  4%         N/A       16%         3
d - Inner Flame           Hex/Fire       1%         N/A       24%         3

Your spell library contained the following spells:

 Spells                   Type           Power      Damage    Failure   Level
 Magic Dart               Conj           16%        1d3       5%          1
 Call Imp                 Summ           1%         N/A       43%         2
 Airstrike                Air            2%         2d(1-17)  41%         4
 Lightning Bolt           Conj/Air       2%         1d13      77%         5
 Fireball                 Conj/Fire      1%         3d3       83%         5
 Summon Lightning Spire   Summ/Air       3%         N/A       94%         4
 Starburst                Conj/Fire      1%         6d3       100%        6
 Ignition                 Fire           0%         3d3       100%        8


Dungeon Overview and Level Annotations

Branches:
Dungeon (4/15)              Sewer (visited)
 Temple: D:4-7

Altars:
Okawaru
Trog
Vehumet
Zin

Annotations:
D:4 Robin


Innate Abilities, Weirdness & Mutations

You cannot wear most types of armour.
You are amphibious.
You can wear up to eight rings at the same time.
Your skin changes colour to match your surroundings (Stealth+).
Your rubbery body absorbs attacks. (AC +1, EV +1)
((You are camouflaged when in or above water. (Stealth+)))
You have tentacles for arms and can constrict up to eight enemies at once.


Message History

Aim: a goblin, wielding a +0 dagger (chance to affect: 53%)
The goblin is filled with an inner flame.
The goblin hits you with a +0 dagger.
Okay, then.
Casting: Inner Flame (dangerous; 24% risk of failure)
Confirm with . or Enter, or press ? or * to list all spells.
Aiming: Inner Flame (dangerous; 24% risk of failure)
Press: ? - help, Dir - move target, f - goblin, p - goblin
Aim: a goblin, wielding a +0 club (chance to affect: 53%)
The goblin resists with significant effort.
The goblin hits you with a +0 dagger.
You hit the hobgoblin. You grab the hobgoblin.
The hobgoblin is moderately wounded.
You constrict the hobgoblin. The goblin hits you with a +0 dagger.
The hobgoblin closely misses you.
A hobgoblin comes into view.
You release your grip on the hobgoblin.
The goblin attacks as you move away! The goblin hits you with a +0 dagger.
Aiming: Bolt of Light
Press: ? - help, Shift-Dir - straight line, f/p - goblin
Aim: a goblin, wielding a +0 club (64% to hit)
The bolt of light hits the goblin!
Vehumet accepts your kill.
You feel your power returning.
The bolt of light hits the goblin.
You kill the goblin!
Vehumet accepts your kill.
You feel your power returning.
The hobgoblin shouts!
The goblin explodes!
The fiery explosion engulfs the goblin!!!
You kill the goblin!
Vehumet accepts your kill.
You feel your power returning.
The fiery explosion engulfs the hobgoblin!!!
You kill the hobgoblin!
Vehumet accepts your kill.
You feel your power returning. The fiery explosion engulfs you!!
Ouch! That really hurt!
You are engulfed in blazing flames.
You die...

* *** *###### *,,
*********##.....# *,,
*,,,,,,,,.......# *,,
*,**######......# *,, *,*
#>.....<....# *,, *,*
#..#@#.$....# *,, *,*
#..§§#......# ######
*,**#g.§)§.†....####.....
#......g.........#.......
#####'#g###..............
*...g##.......###.....
#....##.###.#...#.....
#..g.##.* #.......~~##
*****#..g.##.#####.#..~~~#*


You could see 2 hobgoblins and 3 goblins.

Vanquished Creatures
  Sigmund (D:3)
  Pargi (Sewer)
  A scorpion (D:4)
  A howler monkey (D:4)
  An orc priest (D:4)
  2 iguanas (D:4)
  6 adders
  2 river rats (D:4)
  2 worms
  6 dart slugs
  11 orcs
  11 ball pythons
  5 endoplasms
  4 giant cockroaches
  8 goblins
  6 hobgoblins
  4 quokkas
  7 bats
  A frilled lizard (D:1)
  6 kobolds
  11 rats
97 creatures vanquished.

Notes
Turn   | Place    | Note
-------+----------+-------------------------------------------
     0 | D:1      | Tirrikindir the Octopode Fighter began the quest for the
                  | Orb.
     0 | D:1      | Reached XP level 1. HP: 16/16 MP: 1/1
   182 | D:1      | Reached XP level 2. HP: 21/21 MP: 2/2
   458 | D:1      | Found a faded altar of an unknown god.
   467 | D:1      | Prayed at the altar of an unknown god.
   467 | D:1      | Became a worshipper of Vehumet
   467 | D:1      | Reached * piety under Vehumet
   467 | D:1      | Offered knowledge of Sandblast by Vehumet.
   470 | D:1      | Learned a level 1 spell: Sandblast
   684 | D:2      | Reached XP level 3. HP: 26/26 MP: 1/3
   694 | D:2      | Reached skill level 1 in Stealth
   771 | D:2      | Offered knowledge of Freeze by Vehumet.
   774 | D:2      | Learned a level 1 spell: Freeze
   828 | D:2      | Reached ** piety under Vehumet
   859 | D:2      | Found a bloodstained altar of Trog.
   870 | D:2      | Reached XP level 4. HP: 29/31 MP: 3/5
  1127 | D:2      | Identified a scroll of acquirement
  1128 | D:2      | Acquired a manual of Stealth
  1341 | D:3      | Reached skill level 1 in Spellcasting
  1436 | D:3      | Reached skill level 1 in Earth Magic
  1546 | D:3      | Reached XP level 5. HP: 36/36 MP: 6/6
  1546 | D:3      | Noticed Sigmund
  1556 | D:3      | Killed Sigmund
  1557 | D:3      | Reached skill level 1 in Ice Magic
  1557 | D:3      | Reached XP level 6. HP: 36/43 MP: 6/8
  1916 | D:3      | Offered knowledge of Inner Flame by Vehumet.
  2017 | D:3      | Found an iron altar of Okawaru.
  2033 | D:3      | Learned a level 3 spell: Mephitic Cloud
  2054 | D:3      | Found a glowing silver altar of Zin.
  2249 | D:4      | Reached *** piety under Vehumet
  2277 | D:4      | Reached XP level 7. HP: 20/48 MP: 10/10
  2287 | D:4      | Found a glowing drain.
  2294 | Sewer    | Entered a sewer
  2316 | Sewer    | Noticed Pargi
  2328 | Sewer    | Killed Pargi
  2329 | Sewer    | Reached skill level 1 in Poison Magic
  2351 | Sewer    | Learned a level 3 spell: Inner Flame
  2388 | D:4      | Reached skill level 1 in Conjurations
  2388 | D:4      | Reached skill level 1 in Air Magic
  2398 | D:4      | Noticed Robin
  2406 | D:4      | Engulfed by a cloud of flame

Illustrated notes

Levels and vault maps discovered:
D:1:      dpeg_arrival_simpleton_c, layout_rooms,
          shapermc_ecumenical_altar_notcrosses
D:2:      layout_loops_ring, basic_altar
D:3:      minmay_razor_zed, layout_basic, mainiacjoe_overflow_two_lobes,
          uniq_sigmund
D:4:      layout_basic, portal_sewer_entry_b, uniq_eustachio, uniq_robin

Skill      XL: |  1  2  3  4  5  6  7 |
---------------+----------------------+-----
Stealth        | 1 2 3 |  3.9
Spellcasting   | 1 2 |  2.5
Earth Magic    | 1 2 |  2.1
Shields        | 4 |  4.0
Ice Magic      | 1 |  1.9
Fighting       | 4 |  4.5
Dodging        | 4 |  4.0
Poison Magic   | 1 |  1.4
Conjurations   | 1 |  1.0
Air Magic      | 1 |  1.1
Long Blades    | |  2.2

Action                   |  1- 3 |  4- 6 |  7- 9 || total
-------------------------+-------+-------+-------++-------
Melee: Long sword        |    56 |    95 |    14 ||   165
       Constrict         |    16 |    31 |     4 ||    51
       Tentacles         |    13 |    13 |     3 ||    29
       Punch             |       |     1 |       ||     1
 Cast: Sandblast         |     5 |     5 |     2 ||    12
       Freeze            |       |     1 |       ||     1
       Inner Flame       |       |       |     2 ||     2
Evoke: Wand              |       |       |     1 ||     1
  Use: Scroll            |       |    11 |       ||    11
       Potion            |       |     1 |     1 ||     2
 Stab: Distracted        |     1 |       |       ||     1
       Sleeping          |     3 |     8 |     1 ||    12
Armor: Skin              |     2 |     4 |     2 ||     8
Dodge: Dodged            |    34 |    60 |    15 ||   109
Block: Buckler           |    10 |    20 |     6 ||    36
